 Dungeon Crawl Stone Soup version 0.20.1-1-g8b1a95d (webtiles) character file.

189 ReteAZ the Skirmisher (level 5, -1/35 HPs)
             Began as a Gargoyle Fighter on July 30, 2017.
             Killed from afar by an orc wizard (4 damage)
             ... with a puff of flame
             ... on level 3 of the Dungeon.
             The game lasted 00:03:06 (1981 turns).

ReteAZ the Skirmisher (Gargoyle Fighter)            Turns: 1981, Time: 00:03:07

Health: -1/35      AC: 10    Str: 20    XL:     5   Next: 68%
Magic:  5/5        EV:  7    Int:  9    God:
Gold:   91         SH:  9    Dex:  9    Spells: 4/4 levels left

rFire    . . .     SeeInvis .   u - +0 whip (drain)
rCold    . . .     Gourm    .   c - +0 shield
rNeg     + . .     Faith    .   b - +0 scale mail
rPois    ∞         Spirit   .   (no helmet)
rElec    +         Reflect  .   (no cloak)
rCorr    .         Harm     .   (no gloves)
MR       .....                  (no boots)
Stlth    ..........             (no amulet)
Regen    0.2/turn               (no ring)
MPRegen  0.1/turn               (no ring)

@: no status effects
A: negative energy resistance 1, electricity resistance, unbreathing,
petrification resistance, rot immunity, AC +4
a: no special abilities


You were on level 3 of the Dungeon.
You were not hungry.

You visited 1 branch of the dungeon, and saw 3 of its levels.

You collected 91 gold pieces.

Inventory:

Hand Weapons
 a - a +0 war axe
 u - a +0 whip of draining (weapon)
Armour
 b - a +0 scale mail (worn)
 c - a +0 shield (worn)
 o - a +0 large shield
Jewellery
 j - an uncursed ring of protection from cold {unknown}
 s - an uncursed ring of magical power {unknown}
Scrolls
 e - 2 scrolls of fog {unknown}
 i - 2 scrolls of remove curse {unknown}
 k - 2 scrolls of magic mapping {unknown}
 l - a scroll of random uselessness {unknown}
 n - 2 scrolls of identify {unknown}
 q - a scroll of amnesia {unknown}
 t - a scroll of enchant armour {unknown}
Potions
 d - a potion of might
 g - 2 potions of invisibility {unknown}
Comestibles
 f - 5 bread rations
 h - 3 meat rations
 p - 3 fruits
 r - 3 chunks of flesh
 v - a royal jelly


   Skills:
 + Level 5.1 Fighting
 * Level 4.0 Axes
 - Level 3.2 Armour
 - Level 3.2 Shields


You had 4 spell levels left.
You didn't know any spells.

Dungeon Overview and Level Annotations

Branches:
Dungeon (3/15)

Altars:
Okawaru
Uskayaw
The Shining One


Innate Abilities, Weirdness & Mutations

You are resistant to torment.
Your stone body is resilient. (AC +4)
You are immune to poison.
You resist negative energy. (rN+)
You are resistant to electric shocks. (rElec)
You can survive without breathing.
You are immune to petrification.
You are immune to rotting.


Message History

The magic dart hits you! The orc hits you but does no damage.
The kobold completely misses you. Something hits you but does no damage.
You block the orc's attack.
You closely miss something.
You hear some strange, mumbled words.
A magic dart appears from out of thin air!
The magic dart hits you! The kobold barely misses you.
You block the orc's attack. You block something's attack.
Something hits you but does no damage. The orc hits you but does no damage. x2
You block the kobold's attack.
You hit something. Something hits you.
* * * LOW HITPOINT WARNING * * *
You hear some strange, mumbled words.
A puff of flame appears from out of thin air!
The puff of flame hits you!
* * * LOW HITPOINT WARNING * * *
You hear some strange, mumbled words.
A puff of flame appears from out of thin air!
The puff of flame hits you!
You die...

...........# #........#
...........#####..<.....#
...........##...........#
...........##..........#
...........##..........#
..####.######..........#
..............†...(....#
..####.###.............#
..'............{@o.#####
..#......#.....oK{..#
..#......#.#####........
.##......#.# .........
.##......... ...........
#......... .....#######
......#..........#
#..##.#...........
#...........


You could see 2 orcs and a kobold.

Vanquished Creatures
  An orc priest (D:3)
  Robin (D:2)
  4 gnolls (D:3)
  2 adders
  An ooze (D:1)
  3 worms
  A dart slug (D:1)
  2 leopard geckos (D:2)
  3 orcs (D:3)
  3 giant cockroaches
  6 hobgoblins
  6 jackals
  2 quokkas (D:2)
  3 bats
  3 frilled lizards
  15 goblins
  6 kobolds
  11 rats
73 creatures vanquished.

Notes
Turn   | Place    | Note
-------+----------+-------------------------------------------
     0 | D:1      | ReteAZ the Gargoyle Fighter began the quest for the Orb.
     0 | D:1      | Reached XP level 1. HP: 14/14 MP: 1/1
   216 | D:1      | Reached XP level 2. HP: 20/20 MP: 2/2
   643 | D:2      | Noticed Robin
   644 | D:2      | Reached XP level 3. HP: 24/24 MP: 3/3
   647 | D:2      | Reached skill level 4 in Fighting
   655 | D:2      | Killed Robin
   846 | D:2      | Reached XP level 4. HP: 29/29 MP: 4/4
   970 | D:2      | Found a glowing golden altar of the Shining One.
  1597 | D:3      | Reached XP level 5. HP: 18/34 MP: 5/5
  1774 | D:3      | Noticed a dagger
  1775 | D:3      | Found a hide-covered altar of Uskayaw.
  1775 | D:3      | Noticed a hand axe
  1778 | D:3      | Found an iron altar of Okawaru.
  1783 | D:3      | Reached skill level 5 in Fighting
  1981 | D:3      | Killed from afar by an orc wizard

Skill      XL: |  1  2  3  4  5 |
---------------+----------------+-----
Axes           | 2 3 4 |  4.0
Fighting       | 4 5 |  5.1
Armour         | |  3.2
Shields        | |  3.2

Action                   |  1- 3 |  4- 6 || total
-------------------------+-------+-------++-------
Melee: War axe           |   103 |    96 ||   199
       Whip              |       |    55 ||    55
  Use: Potion            |       |     2 ||     2
  Eat: Chunk             |       |     4 ||     4
Armor: Scale mail        |    73 |   124 ||   197
Dodge: Dodged            |    52 |    67 ||   119
Block: Shield            |    69 |    97 ||   166
